 Dungeon Sprint DCSS version 0.22.0-75-g3901e7991e (webtiles) character file.

2219 Jannitor the Fighter (level 9, -9/78 (79) HPs)
             Began as a Demonspawn Fighter on Sept 13, 2018.
             Mangled by a polar bear (13 damage)
             ... while paralysed
             ... in the Dungeon (Sprint II: "The Violet Keep of Menkaure") on Sept 14, 2018.
             The game lasted 00:04:04 (874 turns).

Jannitor the Fighter (Demonspawn Fighter)            Turns: 874, Time: 00:04:05

HP:   -9/78 (79)    AC: 10    Str: 20    XL:     9   Next: 13%
MP:   9/9           EV:  2    Int: 10    God:
Gold: 264           SH:  0    Dex: 14    Spells: 8/8 levels left

rFire    . . .     SeeInvis .   e - +4 morningstar "Entyg" {crush, Dex+2 Stlth+}
rCold    . . .     Gourm    .   c - +0 shield
rNeg     . . .     Faith    .   b - +0 scale mail
rPois    +         Spirit   .   (helmet restricted)
rElec    .         Reflect  .   (no cloak)
rCorr    .         Harm     .   (no gloves)
MR       .....     NoTele   +   (no boots)
Stlth    +.........             (no amulet)
HPRegen  0.23/turn              g - ring of poison resistance
MPRegen  0.11/turn              (no ring)

@: paralysed, berserk cooldown, slowed
A: antennae 1, talons 1, thin metallic scales 1, blurry vision 1, deterioration
1, powered by pain 2, subdued magic 1
a: no special abilities


You were in the Dungeon.
You were not hungry.

You visited 1 branch You collected 729 gold pieces.
You spent 465 gold pieces at shops.

Inventory:

Hand Weapons
 a - a +0 war axe
 e - the +4 morningstar "Entyg" (weapon) {crush, Dex+2 Stlth+}
   (You bought it in a shop in the Dungeon)

   It inflicts extra damage upon your enemies.
   It affects your dexterity (+2).
   It makes you more stealthy.
Armour
 b - a +0 scale mail (worn)
 c - a +0 shield (worn)
Jewellery
 g - a ring of poison resistance (left hand)
Scrolls
 k - a scroll of blinking
Potions
 d - a potion of might
 h - a potion of haste
 i - 2 potions of magic
Comestibles
 f - a ration


   Skills:
 + Level 10.8 Fighting
 - Level 8.2(8.9) Axes
 + Level 5.1(7.3) Maces & Flails
 + Level 10.0 Armour
 + Level 10.0 Shields


You had 8 spell levels left.
You didn't know any spells.
Your spell library was empty.

Dungeon Overview and Level Annotations

Branches:
Dungeon (1/1)

Altars:
Cheibriados
Dithmenos
Elyvilon
Fedhas
Gozag
Hepliaklqana
Kikubaaqudgha
Makhleb
Nemelex Xobeh
Okawaru
Qazlal
Ru
Sif Muna
Trog
Uskayaw
Vehumet
Wu Jian
Xom
Yredelemnul
Zin
The Shining One
Beogh
Jiyva
Lugonu

Shops:
D :*!(%}[:=}!!([=?

Annotations:
D exclusion: oklob plant


Innate Abilities, Weirdness & Mutations

You have a pair of small antennae on your head.
You are partially covered in thin metallic scales. (AC +2)
You sometimes gain power by taking damage.
You have sharp toenails.
Scrolls take you a little longer to read.
Your body sometimes deteriorates upon taking damage.
Your spells are a little easier to cast, but a little less powerful.


Message History

You kill the polar bear!
Your base Maces & Flails skill increases to level 5!
Your Armour skill increases to level 10!
Your Shields skill increases to level 10!
You are no longer berserk.
You pass out from exhaustion.
You feel yourself slow down. The polar bear bites you.
* * * LOW HITPOINT WARNING * * *
The polar bear claws you but does no damage.
The polar bear barely misses you. The polar bear bites you.
* * * LOW HITPOINT WARNING * * *
The polar bear claws you.
* * * LOW HITPOINT WARNING * * *
The polar bear claws you but does no damage.
The polar bear bites you.
* * * LOW HITPOINT WARNING * * *
The polar bear claws you but does no damage. x2
The polar bear bites you!
You die... ...##.####{ .### .#..#....# ...# .#.####..## #..# .# )%( #†###.##..#{ +..# .# !$? #.##..##..# {#..# .# [))(

.<.'##.'..### ..##.#▓![!%
#.##..##....###...##▓▓▓▓▓
#'###.##......≈)†h≈≈≈≈≈≈≈
...####≈≈....§≈#@########
.#).#≈≈≈§≈§≈..§#....._..#
. .##≈≈§≈≈≈§≈.§#...._._.#
# ##≈≈§≈§§§≈≈§≈#..._._._#
≈≈≈≈≈≈§≈≈§≈≈#.._._._.#
++#≈≈≈§§≈≈§≈#._._._._#
##≈≈≈###§§#_._._._.#
#§§#._._._._#
#§§#_._._...#


You could see a polar bear.

Vanquished Creatures
  A merfolk siren (D)
  A yaktaur (D)
  2 polar bears (D)
  A hornet (D)
  4 neqoxecs (D)
  4 necrophages (D)
  A crocodile (D)
  4 worker ants (D)
18 creatures vanquished.

Vanquished Creatures (others)
  Menkaure (D)
  A crocodile (D)
2 creatures vanquished.

Grand Total: 20 creatures vanquished

Notes
Turn   | Place    | Note
-------+----------+-------------------------------------------
     0 | D        | Jannitor the Demonspawn Fighter began the quest for the
                  | Orb.
     0 | D        | Reached XP level 1. HP: 18/18 MP: 1/1
     1 | D        | Noticed a worker ant
     1 | D        | Noticed a worker ant
     1 | D        | Noticed a worker ant
     1 | D        | Noticed a worker ant
     7 | D        | Killed a worker ant
     7 | D        | Gained mutation: You sometimes gain a little power by
                  | taking damage. [demonic ancestry]
     7 | D        | Reached XP level 2. HP: 21/25 MP: 2/2
    13 | D        | Gained mutation: You have a pair of small antennae on your
                  | head. [demonic ancestry]
    13 | D        | Reached XP level 3. HP: 16/31 MP: 3/3
    28 | D        | Reached XP level 4. HP: 21/38 MP: 4/4
    29 | D        | Killed a crocodile
    34 | D        | Reached skill level 5 in Fighting
   210 | D        | Killed Menkaure
   311 | D        | Noticed a flying skull
   312 | D        | Noticed a flying skull
   427 | D        | Noticed a merfolk siren
   449 | D        | Killed a merfolk siren
   449 | D        | Reached XP level 5. HP: 34/49 MP: 5/5
   449 | D        | Gained mutation: You are partially covered in thin metallic
                  | scales. (AC +2) [demonic ancestry]
   449 | D        | Reached XP level 6. HP: 39/56 MP: 6/6
   541 | D        | Noticed a neqoxec
   544 | D        | Noticed a neqoxec
   548 | D        | Gained mutation: Your spells are a little easier to cast,
                  | but a little less powerful. [a neqoxec]
   557 | D        | Killed a neqoxec
   557 | D        | Gained mutation: You sometimes gain power by taking damage.
                  | [demonic ancestry]
   557 | D        | Reached XP level 7. HP: 55/62 MP: 7/7
   560 | D        | Gained mutation: Scrolls take you a little longer to read.
                  | [a neqoxec]
   565 | D        | Gained mutation: You are clumsy. (Dex -2) [a neqoxec]
   573 | D        | Killed a neqoxec
   664 | D        | Found Ynumed's Magic Scroll Shop.
   665 | D        | Found Woam Wapire's Jewellery Boutique.
   665 | D        | Found Abudoxuyc's Gadget Shop.
   665 | D        | Found Itruecua's Antique Weapon Boutique.
   665 | D        | Noticed a neqoxec
   666 | D        | Found Bajan's Distillery.
   666 | D        | Found Sapp's Jewellery Boutique.
   666 | D        | Found Daetih's Book Shop.
   666 | D        | Found Lojemoant's Distillery.
   666 | D        | Found Peful's Antique Armour Boutique.
   676 | D        | Gained mutation: Your body sometimes deteriorates upon
                  | taking damage. [a neqoxec]
   681 | D        | Lost mutation: You are clumsy. (Dex -2) [a neqoxec]
   684 | D        | Killed a neqoxec
   686 | D        | Found Qiecwour's Gadget Boutique.
   686 | D        | Found Watt's Food Shop.
   686 | D        | Found Hiagekh's Antique Weapon Boutique.
   686 | D        | Found Jezusk's Antique Armour Shop.
   686 | D        | Noticed a neqoxec
   687 | D        | Found Wuoshrer's Distillery.
   687 | D        | Found Qetap's General Store.
   690 | D        | Gained mutation: You have sharp toenails. [a neqoxec]
   700 | D        | Killed a neqoxec
   705 | D        | Noticed a great orb of eyes
   705 | D        | Noticed an oklob plant
   706 | D        | Found Begi's Book Shoppe.
   731 | D        | Bought a scorched morningstar for 225 gold pieces
   731 | D        | Identified the +4 morningstar "Entyg" {crush, Dex+2 Stlth+}
                  | (You bought it in a shop in the Dungeon)
   738 | D        | Bought an uncursed ring of poison resistance for 240 gold
                  | pieces
   817 | D        | Reached skill level 1 in Maces & Flails
   817 | D        | Reached XP level 8. HP: 71/71 MP: 8/8
   829 | D        | Noticed a flying skull
   830 | D        | Noticed a flying skull
   831 | D        | Noticed a flying skull
   831 | D        | Noticed a flying skull
   831 | D        | Noticed a flying skull
   831 | D        | Noticed a flying skull
   831 | D        | Noticed a flying skull
   831 | D        | Noticed a flying skull
   832 | D        | Noticed a flying skull
   833 | D        | Noticed a flying skull
   845 | D        | Found a blossoming altar of Fedhas.
   846 | D        | Found a white marble altar of Elyvilon.
   847 | D        | Found a shadowy altar of Dithmenos.
   847 | D        | Found a corrupted altar of Lugonu.
   847 | D        | Found an opulent altar of Gozag.
   847 | D        | Found a burning altar of Makhleb.
   848 | D        | Found a snail-covered altar of Cheibriados.
   848 | D        | Found an ancient bone altar of Kikubaaqudgha.
   848 | D        | Found a bloodstained altar of Trog.
   849 | D        | Found a roughly hewn altar of Beogh.
   849 | D        | Found a viscous altar of Jiyva.
   849 | D        | Found a deep blue altar of Sif Muna.
   850 | D        | Found a hazy altar of Hepliaklqana.
   850 | D        | Found a sacrificial altar of Ru.
   850 | D        | Found a shimmering altar of Xom.
   851 | D        | Found a stormy altar of Qazlal.
   851 | D        | Found an ornate altar of the Wu Jian Council.
   851 | D        | Found a sparkling altar of Nemelex Xobeh.
   851 | D        | Found a hide-covered altar of Uskayaw.
   851 | D        | Found a basalt altar of Yredelemnul.
   851 | D        | Found a glowing golden altar of the Shining One.
   851 | D        | Noticed a hornet
   851 | D        | Noticed a polar bear
   851 | D        | Noticed a polar bear
   852 | D        | Found a radiant altar of Vehumet.
   852 | D        | Found an iron altar of Okawaru.
   852 | D        | Found a glowing silver altar of Zin.
   852 | D        | Noticed a yaktaur
   853 | D        | Noticed a polar bear
   863 | D        | Killed a polar bear
   863 | D        | Reached skill level 10 in Fighting
   867 | D        | Killed a hornet
   870 | D        | Killed a yaktaur
   870 | D        | Reached XP level 9. HP: 25/78 MP: 9/9
   871 | D        | Killed a polar bear
   871 | D        | Reached skill level 5 in Maces & Flails
   871 | D        | Reached skill level 10 in Armour
   871 | D        | Reached skill level 10 in Shields
   874 | D        | Mangled by a polar bear

Skill      XL: |  1  2  3  4  5  6  7  8  9 |
---------------+----------------------------+-----
Fighting       | 4 7 8 9 10 | 10.8
Axes           | 3 6 7 8 |  8.2
Armour         | 3 4 7 8 9 10 | 10.0
Shields        | 3 4 7 8 9 10 | 10.0
Maces & Flails | 1 4 5 |  5.1

Action                   |  1- 3 |  4- 6 |  7- 9 || total
-------------------------+-------+-------+-------++-------
Melee: War axe           |    24 |    41 |    42 ||   107
       Kick              |       |       |    13 ||    13
       Morningstar       |       |       |    28 ||    28
  Use: Potion            |     2 |       |     1 ||     3
Armor: Scale mail        |    11 |     6 |    36 ||    53
Dodge: Dodged            |     6 |     4 |    27 ||    37
Block: Shield            |    13 |    13 |    45 ||    71
